 Dungeon Crawl Stone Soup version 0.23.0 (webtiles) character file.

Game seed: 8384532486522109592

339 tidbits the Charmwright (level 6, 9/51 HPs)
             Began as a Gnoll Skald on Feb 14, 2019.
             Quit the game on level 6 of the Dungeon.
             The game lasted 00:09:17 (982 turns).

tidbits the Charmwright (Gnoll Skald)                Turns: 982, Time: 00:09:18

Health: 9/51       AC:  5    Str: 17    XL:     6   Next: 55%
Magic:  4/14       EV: 14    Int: 18    God:
Gold:   121        SH:  0    Dex: 14    Spells: 4/15 levels left

rFire    . . .     SeeInvis .   a - +0 spear
rCold    . . .     Gourm    .   (no shield)
rNeg     . . .     Faith    .   b - +0 leather armour
rPois    .         Spirit   .   (no helmet)
rElec    .         Reflect  .   C - +1 cloak
rCorr    .         Harm     .   (no gloves)
MR       .....                  (no boots)
Stlth    ++........             (no amulet)
HPRegen  0.17/turn              n - ring of flight
MPRegen  0.14/turn              i - +4 ring of strength

@: singing, very slightly contaminated
A: distributed training, fangs 1, strong nose
a: Evoke Flight


You were on level 6 of the Dungeon.
You were not hungry.

You visited 1 branch of the dungeon, and saw 7 of its levels.

You collected 121 gold pieces.

Inventory:

Hand Weapons
 a - a +0 spear (weapon)
 s - a +0 shortbow
Missiles
 l - 35 arrows
 q - 2 javelins (quivered)
Armour
 b - a +0 leather armour (worn)
 c - a +0 ring mail
 C - a +1 cloak (worn)
Jewellery
 i - a +4 ring of strength (right hand)
   (You found it on level 4 of the Dungeon)
 n - a ring of flight (left hand)
   (You found it on level 4 of the Dungeon)
Wands
 m - a wand of polymorph (5)
Scrolls
 f - a scroll of enchant armour {unknown}
 j - 2 scrolls of amnesia {unknown}
 k - a scroll of enchant weapon {unknown}
 o - a scroll of magic mapping {unknown}
 r - 2 scrolls of remove curse
Potions
 e - 2 potions of heal wounds
 g - a potion of flight {unknown}
 h - a potion of haste
 p - a potion of mutation {unknown}
Comestibles
 d - 4 rations
 t - 4 chunks of flesh


   Skills:
 + Level 5.0 Fighting
 + Level 2.0 Short Blades
 + Level 2.0 Long Blades
 + Level 2.0 Axes
 + Level 2.0 Maces & Flails
 + Level 5.0 Polearms
 + Level 2.0 Staves
 + Level 2.0 Slings
 + Level 2.0 Bows
 + Level 2.0 Crossbows
 + Level 2.0 Throwing
 + Level 3.2 Armour
 + Level 5.0 Dodging
 + Level 2.0 Stealth
 + Level 2.0 Shields
 + Level 2.0 Unarmed Combat
 + Level 5.4 Spellcasting
 + Level 1.5 Conjurations
 + Level 1.5 Hexes
 + Level 5.6 Charms
 + Level 1.5 Summonings
 + Level 1.5 Necromancy
 + Level 1.5 Translocations
 + Level 1.5 Transmutations
 + Level 1.5 Fire Magic
 + Level 1.5 Ice Magic
 + Level 1.5 Air Magic
 + Level 1.5 Earth Magic
 + Level 1.5 Poison Magic
 + Level 2.2 Invocations
 + Level 2.0 Evocations


You had 4 spell levels left.
You knew the following spells:

 Your Spells              Type           Power        Failure   Level  Hunger
g - Shroud of Golubria    Chrm/Tloc      ###.......   5%          2    #......
i - Infusion              Chrm           ####         1%          1    None
r - Regeneration          Chrm/Necr      ###.......   11%         3    ##.....
w - Spectral Weapon       Hex/Chrm       ###.....     11%         3    ##.....
y - Song of Slaying       Chrm           ####....     2%          2    #......

Your spell library contained the following spells:

 Spells                   Type           Power        Failure   Level  Hunger


Dungeon Overview and Level Annotations

Branches:
Dungeon (7/15)
 Temple: D:4-7

Altars:
Wu Jian
Zin


Innate Abilities, Weirdness & Mutations

Your experience applies equally to all skills.
You have very sharp teeth.
Your uncanny sense of smell can sniff out nearby items.


Message History

Your spectral weapon hits the hound!
The hound bites your spectral weapon.
Your spectral weapon shares its damage with you!
The hornet zombie hits your spectral weapon.
Your spectral weapon shares its damage with you!
The leopard gecko bites you but does no damage.
You closely miss the hound. You bite the hound.
The hound is almost dead.
Your spectral weapon hits the hound!
You kill the hound!
Your Fighting skill increases to level 5!
Your Short Blades skill increases to level 2!
Your Long Blades skill increases to level 2!
Your Axes skill increases to level 2!
Your Maces & Flails skill increases to level 2!
Your Polearms skill increases to level 5!
Your Staves skill increases to level 2!
Your Slings skill increases to level 2!
Your Bows skill increases to level 2!
Your Crossbows skill increases to level 2!
Your Throwing skill increases to level 2!
Your Dodging skill increases to level 5!
Your Stealth skill increases to level 2!
Your Shields skill increases to level 2!
Your Unarmed Combat skill increases to level 2!
Your Evocations skill increases to level 2!
You hit the leopard gecko but do no damage.
Your bite misses the leopard gecko.
Your spectral weapon misses the leopard gecko.
The hornet zombie barely misses you. The leopard gecko misses you.
You hit the leopard gecko.
The leopard gecko is lightly wounded.
Your spectral weapon hits the leopard gecko from afar.
The hornet zombie barely misses you. The leopard gecko misses you. x2
You closely miss the leopard gecko.
The leopard gecko is moderately wounded.
Your spectral weapon hits the leopard gecko from afar.
The hornet zombie barely misses you. The leopard gecko misses you.
The leopard gecko closely misses you.
You closely miss the leopard gecko.
The leopard gecko is almost dead.
You hear a shout!
Your spectral weapon barely misses the leopard gecko.
The hornet zombie closely misses you. The leopard gecko closely misses you.
You hit the leopard gecko but do no damage.
The leopard gecko is almost dead.
Your spectral weapon misses the leopard gecko.
The hornet zombie misses you. The leopard gecko misses you.
The leopard gecko barely misses you.
You closely miss the leopard gecko.
You bite the leopard gecko, but do no damage.
The leopard gecko is almost dead.
Your spectral weapon hits the leopard gecko but does no damage.
The hornet zombie completely misses you.
Your shroud bends the leopard gecko's attack away.
The leopard gecko misses you. The hornet zombie misses you.
You hit the leopard gecko.
You kill the leopard gecko!
The leopard gecko barely misses you. The hornet zombie hits you!
You hit the hornet zombie.
The hornet zombie is lightly damaged.
Your spectral weapon hits the hornet zombie.
The hornet zombie hits you!
* * * LOW HITPOINT WARNING * * *
The leopard gecko bites you but does no damage.
You closely miss the hornet zombie.
The hornet zombie is lightly damaged.
Your spectral weapon barely misses the hornet zombie.
The hornet zombie hits you but does no damage.
The leopard gecko barely misses you.
You closely miss the hornet zombie.
The hornet zombie is lightly damaged.
Your spectral weapon hits the hornet zombie but does no damage.
The hornet zombie closely misses you.
An orc comes into view. It is wielding a +0 war axe.
Your shroud bends the leopard gecko's attack away.
Casting: Song of Slaying (safe; 2% risk of failure)
Confirm with . or Enter, or press ? or * to list all spells.
You miscast Shroud of Golubria.
You are very lightly contaminated with residual magic.
You feel a strange surge of energy!
You hear a shout!
The hornet zombie hits you.
* * * LOW HITPOINT WARNING * * *
Your shroud falls apart!
The leopard gecko closely misses you. The hornet zombie misses you.
You hit the hornet zombie. You bite the hornet zombie.
The hornet zombie is moderately damaged.
Your spectral weapon hits the hornet zombie.
The leopard gecko misses you. The hornet zombie closely misses you.
You hit the hornet zombie but do no damage.
You punch the hornet zombie.
The hornet zombie is moderately damaged.
Your spectral weapon hits the hornet zombie.
The leopard gecko bites you but does no damage.
A shadow imp comes into view.
A bullfrog skeleton comes into view.
The hornet zombie hits you!
* * * LOW HITPOINT WARNING * * *
Evoke which item? (* to show all) (? for menu, Esc to quit)
Okay, then.
Are you sure you want to abandon this character and quit the game? (Confirm with "yes".)

...........#.........#
...^.......#.........#
...........#.........#
.....................#
...####(.............#
...# #..............#
...#
######.........###
...# #............
...# #....@†......
...# #....Zl......
####.(......#
#........# #.....o..#
#........# #........#
#Z......5#


You could see a shadow imp, an orc, a hornet zombie, a leopard gecko, a bullfrog
skeleton and a friendly spectral +0 spear.

Vanquished Creatures
  An ogre (D:4)
  A centaur (D:6)
  A bullfrog skeleton (D:4)
  2 hounds
  An iguana (D:5)
  3 gnolls (D:2)
  2 leopard geckos
  2 bats
  A goblin (D:1)
  4 hobgoblins
  9 jackals
  A quokka (D:4)
  5 frilled lizards
  2 kobolds
  A leopard gecko skeleton (D:6)
36 creatures vanquished.

Notes
Turn   | Place    | Note
-------+----------+-------------------------------------------
     0 | D:1      | tidbits the Gnoll Skald began the quest for the Orb.
     0 | D:1      | Reached XP level 1. HP: 20/20 MP: 6/6
    56 | D:1      | Reached XP level 2. HP: 26/26 MP: 3/7
    60 | D:1      | Learned a level 2 spell: Song of Slaying
    63 | D:1      | Learned a level 2 spell: Shroud of Golubria
   300 | D:2      | Reached XP level 3. HP: 31/31 MP: 1/9
   307 | D:2      | Learned a level 3 spell: Regeneration
   311 | D:2      | Learned a level 3 spell: Spectral Weapon
   324 | D:2      | Reached skill level 5 in Spellcasting
   326 | D:2      | Reached skill level 1 in Invocations
   575 | D:4      | Noticed an ogre
   583 | D:4      | HP: 2/31 [ogre/cursed +0 giant spiked club (29)]
   589 | D:4      | Killed an ogre
   589 | D:4      | Reached skill level 1 in Short Blades
   589 | D:4      | Reached skill level 1 in Long Blades
   589 | D:4      | Reached skill level 1 in Axes
   589 | D:4      | Reached skill level 1 in Maces & Flails
   589 | D:4      | Reached skill level 1 in Staves
   589 | D:4      | Reached skill level 1 in Slings
   589 | D:4      | Reached skill level 1 in Bows
   589 | D:4      | Reached skill level 1 in Crossbows
   589 | D:4      | Reached skill level 1 in Throwing
   589 | D:4      | Reached skill level 1 in Stealth
   589 | D:4      | Reached skill level 1 in Shields
   589 | D:4      | Reached skill level 1 in Unarmed Combat
   589 | D:4      | Reached skill level 1 in Conjurations
   589 | D:4      | Reached skill level 1 in Hexes
   589 | D:4      | Reached skill level 1 in Summonings
   589 | D:4      | Reached skill level 1 in Necromancy
   589 | D:4      | Reached skill level 1 in Translocations
   589 | D:4      | Reached skill level 1 in Transmutations
   589 | D:4      | Reached skill level 1 in Fire Magic
   589 | D:4      | Reached skill level 1 in Ice Magic
   589 | D:4      | Reached skill level 1 in Air Magic
   589 | D:4      | Reached skill level 1 in Earth Magic
   589 | D:4      | Reached skill level 1 in Poison Magic
   589 | D:4      | Reached skill level 1 in Evocations
   589 | D:4      | Reached XP level 4. HP: 33/38 MP: 6/11
   589 | D:4      | Reached XP level 5. HP: 38/43 MP: 6/12
   615 | D:4      | Found Kinexifo's Distillery.
   697 | D:5      | Entered Level 5 of the Dungeon
   734 | D:5      | Reached skill level 3 in Armour
   792 | D:4      | Found an ornate altar of the Wu Jian Council.
   800 | D:4      | Reached XP level 6. HP: 43/50 MP: 5/13
   827 | D:4      | Found a glowing silver altar of Zin.
   945 | D:6      | Reached skill level 2 in Invocations
   968 | D:6      | Reached skill level 5 in Fighting
   968 | D:6      | Reached skill level 2 in Short Blades
   968 | D:6      | Reached skill level 2 in Long Blades
   968 | D:6      | Reached skill level 2 in Axes
   968 | D:6      | Reached skill level 2 in Maces & Flails
   968 | D:6      | Reached skill level 5 in Polearms
   968 | D:6      | Reached skill level 2 in Staves
   968 | D:6      | Reached skill level 2 in Slings
   968 | D:6      | Reached skill level 2 in Bows
   968 | D:6      | Reached skill level 2 in Crossbows
   968 | D:6      | Reached skill level 2 in Throwing
   968 | D:6      | Reached skill level 5 in Dodging
   968 | D:6      | Reached skill level 2 in Stealth
   968 | D:6      | Reached skill level 2 in Shields
   968 | D:6      | Reached skill level 2 in Unarmed Combat
   968 | D:6      | Reached skill level 2 in Evocations
   981 | D:6      | HP: 9/51 [hornet zombie (12)]
   982 | D:6      | Quit the game

Skill      XL: |  1  2  3  4  5  6 |
---------------+-------------------+-----
Spellcasting   | 5 |  5.4
Invocations    | 1 2 |  2.2
Short Blades   | 1 2 |  2.0
Long Blades    | 1 2 |  2.0
Axes           | 1 2 |  2.0
Maces & Flails | 1 2 |  2.0
Staves         | 1 2 |  2.0
Slings         | 1 2 |  2.0
Bows           | 1 2 |  2.0
Crossbows      | 1 2 |  2.0
Throwing       | 1 2 |  2.0
Stealth        | 1 2 |  2.0
Shields        | 1 2 |  2.0
Unarmed Combat | 1 2 |  2.0
Conjurations   | 1 |  1.5
Hexes          | 1 |  1.5
Summonings     | 1 |  1.5
Necromancy     | 1 |  1.5
Translocations | 1 |  1.5
Transmutations | 1 |  1.5
Fire Magic     | 1 |  1.5
Ice Magic      | 1 |  1.5
Air Magic      | 1 |  1.5
Earth Magic    | 1 |  1.5
Poison Magic   | 1 |  1.5
Evocations     | 1 2 |  2.0
Armour         | 3 |  3.2
Fighting       | 5 |  5.0
Polearms       | 5 |  5.0
Dodging        | 5 |  5.0
Charms         | |  5.6

Action                   |  1- 3 |  4- 6 || total
-------------------------+-------+-------++-------
Melee: Spear             |    58 |    53 ||   111
       Bite              |     6 |     9 ||    15
       Punch             |       |     2 ||     2
 Cast: Infusion          |     3 |       ||     3
       Shroud of Golubri |     2 |     2 ||     4
       Song of Slaying   |     1 |     3 ||     4
       Spectral Weapon   |     4 |     6 ||    10
       Regeneration      |       |     1 ||     1
  Use: Scroll            |     1 |     2 ||     3
       Potion            |     1 |       ||     1
 Stab: Sleeping          |     2 |       ||     2
  Eat: Chunk             |       |     1 ||     1
Armor: Leather armour    |     4 |    13 ||    17
Dodge: Dodged            |    32 |    51 ||    83

Table legend:
 A = Turns spent in this place as a percentage of turns spent in the entire game.
 B = Non-inter-level travel turns spent in this place as a percentage of non-inter-level travel turns spent in the entire game.
 C = Inter-level travel turns spent in this place as a percentage of turns spent in this place.
 D = Turns resting spent in this place as a percentage of non-inter-level travel turns spent in this place.
 E = Turns spent auto-exploring this place as a percentage of non-inter-level travel turns spent in this place.
 F = Non-inter-level travel turns spent in this place divided by the number of levels of this place that you've seen.
                   A       B       C       D       E      F
               +-------+-------+-------+-------+-------+----------------------
         Total | 100.0 | 100.0 |   1.3 |   0.0 |   0.0 | 138.4
       Dungeon | 100.0 | 100.0 |   1.3 |   0.0 |   0.0 | 138.4
               +-------+-------+-------+-------+-------+----------------------

Table legend:
 A = Kills in this place as a percentage of kills in entire the game.
 B = Kills by you in this place as a percentage of kills by you in the entire game.
 C = Kills by friends in this place as a percentage of kills by friends in the entire game.
 D = Other kills in this place as a percentage of other kills in the entire game.
 E = Experience gained in this place as a percentage of experience gained in the entire game.
 F = Experience gained in this place divided by the number of levels of this place that you have seen.
                   A       B       C       D       E      F
               +-------+-------+-------+-------+-------+----------------------
         Total | 100.0 | 100.0 |   N/A |   N/A | 100.0 |  69.3
       Dungeon | 100.0 | 100.0 |   N/A |   N/A | 100.0 |  69.3
               +-------+-------+-------+-------+-------+----------------------

Levels and vault maps discovered:
D:1:      mrwooster_arrival_arrow, layout_basic, st_stairs_8
D:2:      layout_basic
D:3:      layout_loops_ring, first_ration
D:4:      layout_basic, grunt_temple_overflow_open, serial_shops, shop
D:5:      wander_river, layout_rooms, slow_altar_2, tgw_xom
D:6:      layout_basic, grunt_qazlal_sundering
D:7:      layout_basic, minmay_temple_entry_grid, uniq_prince_ribbit1
